 Dungeon Crawl Stone Soup version 0.20-a0-1018-ge435b50 (webtiles) character file.

4357 Duffy the Arsonist (level 10, 0/58 HPs)
             Began as a Deep Elf Fire Elementalist on Apr 18, 2017.
             Was a Follower of Vehumet.
             Killed themself with a badly aimed fireball (18 damage)
             ... on level 8 of the Dungeon.
             The game lasted 00:12:20 (9056 turns).

Duffy the Arsonist (Deep Elf Fire Elementalist)     Turns: 9056, Time: 00:12:20

Health: 0/58       AC:  3    Str:  5    XL:     10   Next: 12%
Magic:  14/19      EV: 17    Int: 24    God:    Vehumet [*.....]
Gold:   399        SH:  4    Dex: 17    Spells: 2/19 levels left

rFire    . . .     SeeInvis +   (no weapon)
rCold    . . .     Gourm    .   (no shield)
rNeg     . . .     Faith    .   z - +1 robe of a bazaar {MR+ Dex+2 SInv}
rPois    .         Spirit   .   (no helmet)
rElec    .         Reflect  +   (no cloak)
rCorr    .         Harm     .   (no gloves)
MR       ++...                  (no boots)
Stlth    ++........             s - +4 amulet of reflection
Regen    0.2/turn               h - ring of wizardry
MPRegen  0.2/turn               v - +4 ring of evasion

@: no status effects
A: no striking features
a: Renounce Religion


You were on level 8 of the Dungeon.
You worshipped Vehumet.
Vehumet was aware of your devotion.
You were not hungry.

You visited 2 branches of the dungeon, and saw 9 of its levels.

You collected 399 gold pieces.

Inventory:

Missiles
 x - 3 throwing nets (quivered)
Armour
 t - a +2 robe of fire resistance
 z - the +1 robe of a bazaar (worn) {MR+ Dex+2 SInv}
   (You found it on level 5 of the Dungeon)

   It affects your dexterity (+2).
   It affects your resistance to hostile enchantments.
   It lets you see invisible.
Jewellery
 h - a ring of wizardry (left hand)
 s - a +4 amulet of reflection (around neck)
 v - a +4 ring of evasion (right hand)
 y - an uncursed ring of see invisible
 E - a +2 amulet of reflection
 G - an uncursed ring of positive energy
Scrolls
 e - 2 scrolls of remove curse
 i - 4 scrolls of teleportation
 k - a scroll of recharging
 l - a scroll of magic mapping
 p - a scroll of fog
 q - 4 scrolls of amnesia
 u - a scroll of enchant armour
 A - a scroll of fear
 B - a scroll of immolation
Potions
 a - 4 potions of brilliance
 m - a potion of agility
 r - a potion of haste
 w - a potion of flight
 C - a potion of ambrosia
 I - a potion of cancellation
Books
 b - a book of Flames

   Spells                             Type                      Level
   a - Flame Tongue                   Conjuration/Fire             1
   b - Throw Flame                    Conjuration/Fire             2
   c - Conjure Flame                  Conjuration/Fire             3
   d - Inner Flame                    Hexes/Fire                   3
   e - Sticky Flame                   Conjuration/Fire             4
   f - Fireball                       Conjuration/Fire             5
 f - a book of Conjurations

   Spells                             Type                      Level
   a - Magic Dart                     Conjuration                  1
   b - Searing Ray                    Conjuration                  2
   c - Dazzling Spray                 Conjuration/Hexes            3
   d - Fulminant Prism                Conjuration/Hexes            4
   e - Force Lance                    Conjuration/Translocation    4
   f - Iskenderun's Mystic Blast      Conjuration                  4
Comestibles
 c - 11 bread rations
 d - a royal jelly
 g - 5 meat rations
 o - 6 fruits


   Skills:
 + Level 4.9 Fighting
 - Level 2.4 Dodging
 - Level 2.4 Stealth
 - Level 5.0 Spellcasting
 * Level 10.3 Conjurations
 * Level 10.4 Fire Magic


You had 2 spell levels left.
You knew the following spells:

 Your Spells              Type           Power        Failure   Level  Hunger
a - Iskenderun's Mystic   Conj           ######..     1%          4    ####...
h - Flame Tongue          Conj/Fire      #####        1%          1    None
j - Sticky Flame          Conj/Fire      ######..     1%          4    ####...
k - Fireball              Conj/Fire      ######....   1%          5    #####..
l - Conjure Flame         Conj/Fire      ######..     1%          3    ##.....


Dungeon Overview and Level Annotations

Branches:
Dungeon (8/15)             Temple (1/1) D:5
   Lair: D:8-11

Altars:
Ashenzari
Cheibriados
Dithmenos
Elyvilon
Fedhas
Gozag
Hepliaklqana
Kikubaaqudgha
Nemelex Xobeh
Okawaru
Qazlal
Ru
Sif Muna
Trog
Uskayaw
Vehumet
Wu Jian
Xom
Yredelemnul
Zin
The Shining One

Shops:
D:7 %


Message History

The centaur shoots an arrow.
The arrow hits you! You block the bullfrog's attack.
The black bear barely misses you. The black bear misses you.
You block the black bear's attack. The crimson imp barely misses you.
The orc misses you. The bullfrog completely misses you.
The ogre hits you with a giant spiked club!!
The centaur shoots an arrow.
The arrow closely misses you.
There is a stone staircase leading up, spattered with blood here.
You see here an arrow.
Casting: Flame Tongue
Confirm with . or Enter, or press ? or * to list all spells.
Aiming: Fireball
Press: ? - help, Shift-Dir - straight line, f - orc
Aim: an orc, wielding a falchion and wearing a leather armour That beam is likely to hit you.
Continue anyway?
The fireball explodes!
The fireball engulfs the orc.
You kill the orc!
Vehumet accepts your kill. The fireball engulfs you!
You die...

########### #.........#
#....co...# #.........#
#.........# #...F.O...###
######## ###5..)@h.....#*
#......###.......5......** *
........#..####.........,* **
..........## #.(..o....,* *,
.........## #.........,* **,
.........# #.........,* **,,
..?...0..#****#.........>* **,,*
.........#*,,,..........** *,,,*
...........,**#........,,****,*,*


You could see a black bear, an ogre, a bullfrog, a centaur, an orc wizard, 2
crimson imps and an orc.

Vanquished Creatures
  A two-headed ogre (D:8)
  Pikel (D:6)
  Sigmund (D:6)
  2 hungry ghosts
  The ghost of anet the Vandal, an amateur HaWz of Ashenzari (D:4)
  Duvessa (D:6)
  3 water moccasins
  An orc warrior (D:6)
  An ice beast (D:7)
  2 sky beasts (D:5)
  An ogre (D:4)
  A phantom (D:4)
  A centaur (D:7)
  A big kobold (D:5)
  2 bullfrogs
  Blork the orc (D:6)
  Dowan (D:6)
  2 scorpions
  A wight (D:6)
  6 killer bees
  A howler monkey (D:7)
  A crimson imp (D:6)
  A centaur zombie (D:7)
  A gnoll shaman (D:7)
  A bullfrog zombie (D:6)
  A hound (D:6)
  2 bullfrog skeletons
  An orc priest (D:7)
  8 orc wizards
  Terence (D:3)
  4 worker ants
  An iguana (D:5)
  9 gnolls
  A howler monkey skeleton (D:6)
  12 adders
  A shadow imp (D:6)
  3 adder zombies (D:5)
  2 adder skeletons
  A worm (D:2)
  A dart slug (D:2)
  11 leopard geckos
  17 orcs
  3 giant cockroaches
  8 goblins
  6 hobgoblins
  5 jackals
  7 quokkas
  2 ball pythons
  6 bats
  7 frilled lizards
  11 kobolds
  A quokka skeleton (D:5)
  11 rats
  A plant (D:5)
180 creatures vanquished.

Vanquished Creatures (others)
  A slave (D:6)
  A centaur (D:7)
  An ogre (D:7)
  A bullfrog skeleton (D:7)
  An orc (D:7)
5 creatures vanquished.

Grand Total: 185 creatures vanquished

Notes
Turn   | Place    | Note
-------+----------+-------------------------------------------
     0 | D:1      | Duffy the Deep Elf Fire Elementalist began the quest for the Orb.
     0 | D:1      | Reached XP level 1. HP: 10/10 MP: 6/6
   124 | D:1      | Reached XP level 2. HP: 15/15 MP: 1/8
   767 | D:2      | Reached XP level 3. HP: 19/19 MP: 1/10
   869 | D:2      | Learned a level 3 spell: Conjure Flame
  1721 | D:2      | Found a shadowy altar of Dithmenos.
  1758 | D:2      | Reached XP level 4. HP: 24/24 MP: 8/12
  1764 | D:2      | Learned a level 4 spell: Sticky Flame
  2045 | D:3      | Noticed Terence
  2056 | D:3      | Killed Terence
  2194 | D:3      | Found a blossoming altar of Fedhas.
  2279 | D:3      | Found a stormy altar of Qazlal.
  2357 | D:3      | Found a sacrificial altar of Ru.
  2977 | D:3      | Reached XP level 5. HP: 28/28 MP: 11/14
  2984 | D:3      | Learned a level 5 spell: Fireball
  2987 | D:3      | Reached skill level 5 in Spellcasting
  3254 | D:4      | Noticed anet's ghost (amateur HaWz)
  3260 | D:5      | Entered Level 5 of the Dungeon
  3355 | D:5      | Reached XP level 6. HP: 24/33 MP: 8/15
  3544 | D:5      | Noticed a sky beast
  3559 | D:5      | Killed a sky beast
  3559 | D:5      | Reached skill level 1 in Fighting
  3607 | D:5      | You fall through a shaft!
  3607 | D:6      | Noticed a slave
  3607 | D:6      | Noticed a slave
  3611 | D:6      | Noticed a slave
  3612 | D:6      | Noticed a slave
  3653 | D:5      | Reached skill level 5 in Conjurations
  3653 | D:5      | Reached skill level 5 in Fire Magic
  3858 | D:4      | Killed anet's ghost
  4001 | D:4      | Reached XP level 7. HP: 38/38 MP: 8/16
  4652 | D:4      | Found a basalt altar of Yredelemnul.
  4845 | D:5      | Got a brightly glowing robe
  4858 | D:5      | Identified the +1 robe of a bazaar {MR+ Dex+2 SInv} (You found it on level 5 of the Dungeon)
  5239 | D:5      | Noticed a hungry ghost
  5245 | D:5      | Reached XP level 8. HP: 43/45 MP: 4/17
  5471 | D:5      | Found a staircase to the Ecumenical Temple.
  5480 | Temple   | Entered the Ecumenical Temple
  5528 | Temple   | Became a worshipper of Vehumet
  5546 | D:5      | Learned a level 4 spell: Iskenderun's Mystic Blast
  5720 | D:5      | Found a shadowy altar of Dithmenos.
  5721 | D:5      | Found a shimmering altar of Xom.
  5721 | D:5      | Found an ancient bone altar of Kikubaaqudgha.
  5732 | D:5      | Gained mutation: You are dopey. (Int -2) [potion of mutation]
  5732 | D:5      | Gained mutation: Your muscles are strong. (Str +2) [potion of mutation]
  5732 | D:5      | Lost mutation: Your muscles are strong. (Str +2) [potion of mutation]
  5732 | D:5      | Lost mutation: You are dopey. (Int -2) [potion of mutation]
  5896 | D:6      | Found a sacrificial altar of Ru.
  6034 | D:6      | Noticed Duvessa
  6051 | D:6      | Killed Duvessa
  6052 | D:6      | Noticed Dowan
  6247 | D:6      | Noticed Blork the orc
  6257 | D:6      | Killed Blork the orc
  6438 | D:6      | Noticed Pikel
  6469 | D:6      | Killed Pikel
  6469 | D:6      | Reached XP level 9. HP: 34/52 MP: 3/18
  6591 | D:6      | Found an opulent altar of Gozag.
  6701 | D:6      | Found a stormy altar of Qazlal.
  6784 | D:6      | Killed Dowan
  6893 | D:6      | Found an ornate altar of the Wu Jian Council.
  6943 | D:6      | Noticed Sigmund
  6946 | D:6      | Killed Sigmund
  7309 | D:7      | Found Zoiras's Food Shoppe.
  7556 | D:7      | Reached * piety under Vehumet
  7556 | D:7      | Offered knowledge of Sting by Vehumet.
  8518 | D:8      | Noticed a two-headed ogre
  8529 | D:8      | Killed a two-headed ogre
  8529 | D:8      | Reached skill level 10 in Conjurations
  8529 | D:8      | Reached skill level 10 in Fire Magic
  8529 | D:8      | Reached XP level 10. HP: 58/58 MP: 5/19
  9056 | D:8      | Killed themself with a badly aimed fireball

Vault maps used:
D:1:      tarquinn_simple_flora_water_d
D:2:      st_stairs_1, nicolae_dithmenos_through_a_glass_darkly
D:3:      grunt_temple_overflow_forces_of_nature, nicolae_ru_awakened_eye,
          serial_glass, glass_columns_a, glass_columns_b, uniq_terence
D:4:      kennysheep_mini, first_bread, minmay_a_box_with_orc_wizards_in_it
D:5:      cheibrodos_barr_body, gammafunk_temple_overflow_forgotten,
          minmay_temple_entry_poolview, lexackson_kobold_supper
D:6:      marbit_many_paths, basic_altar, hangedman_feature_mirror,
          uniq_blork_the_orc, uniq_sigmund, uniq_pikel, uniq_duvessa
D:7:      serial_shops, shop
D:8:      demons_altar
Temple:   cyrus_circular_temple

Skill      XL: |  1  2  3  4  5  6  7  8  9 |
---------------+----------------------------+-----
Conjurations   | 2 3 4 5 6 8 10 | 10.3
Spellcasting   | 4 5 |  5.0
Fire Magic     | 4 5 6 8 10 | 10.4
Fighting       | 1 2 3 4 |  4.9
Dodging        | |  2.4
Stealth        | |  2.4

Action                   |  1- 3 |  4- 6 |  7- 9 | 10-12 || total
-------------------------+-------+-------+-------+-------++-------
Melee: Unarmed           |       |       |     3 |    42 ||    45
 Cast: Flame Tongue      |    81 |    80 |   209 |    27 ||   397
       Conjure Flame     |     1 |     3 |     5 |     1 ||    10
       Sticky Flame      |       |     4 |    13 |     2 ||    19
       Fireball          |       |     3 |    11 |       ||    14
       Iskenderun's Myst |       |       |     1 |       ||     1
  Use: Potion            |       |       |     4 |     2 ||     6
       Scroll            |       |       |     9 |    12 ||    21
  Eat: Chunk             |     2 |     9 |    22 |     2 ||    35
Armor: Robe              |     6 |       |     9 |     1 ||    16
       Skin              |       |       |       |    43 ||    43
Dodge: Dodged            |    21 |    16 |    81 |    55 ||   173
Block: Other             |     1 |     3 |    12 |    18 ||    34
